[ PARTIDA AOE2 · #482642526 ]
UnrankedSarracenos vs Khmer
[ ANÁLISIS DE REPETICIÓN · EXTRAÍDO DE LA PARTIDA GRABADA ]
Feudal
12:39
Castillos
23:28
Imperial
40:09
| APM promedio | 18.2 |
| APM pico | 58 |
| eAPM promedio | 12.8 |
| Aldeanos / militares | 83 / 183 |
Foco
⚔️ 39.1% · 🌾 60.9%
Mameluke ×118 · Knight ×26 · Bombard Cannon ×17 · Camel Scout ×10 · Monk ×9 · Trade Cart ×6
Feudal
18:58
Castillos
23:05
Imperial
31:10
| APM promedio | 13.7 |
| APM pico | 37 |
| eAPM promedio | 9.9 |
| Aldeanos / militares | 43 / 147 |
Foco
⚔️ 47.7% · 🌾 52.3%
Knight ×61 · Spearman ×38 · Bombard Cannon ×26 · Scorpion ×22 · Fishing Ship ×2
Feudal
14:01
Castillos
20:51
Imperial
31:08
| APM promedio | 38.7 |
| APM pico | 226 |
| eAPM promedio | 31.7 |
| Aldeanos / militares | 93 / 449 |
Foco
⚔️ 39.4% · 🌾 60.6%
Scorpion ×307 · Ballista Elephant ×94 · Battle Elephant ×44 · Trade Cart ×35 · Monk ×2 · Trebuchet (Packed) ×2
Feudal
13:31
Castillos
20:01
Imperial
34:51
| APM promedio | 21.0 |
| APM pico | 65 |
| eAPM promedio | 19.1 |
| Aldeanos / militares | 129 / 558 |
Foco
⚔️ 53.6% · 🌾 46.4%
Spearman ×394 · Scorpion ×124 · Militia ×16 · Trade Cart ×11 · Trebuchet (Packed) ×8 · Mangonel ×7
Feudal
12:41
Castillos
26:06
Imperial
38:27
| APM promedio | 9.7 |
| APM pico | 42 |
| eAPM promedio | 7.1 |
| Aldeanos / militares | 103 / 255 |
Foco
⚔️ 32.6% · 🌾 67.4%
Skirmisher ×158 · Battle Elephant ×73 · Bombard Cannon ×23 · Trade Cart ×12 · Monk ×1
Feudal
12:55
Castillos
21:37
Imperial
36:24
| APM promedio | 14.9 |
| APM pico | 36 |
| eAPM promedio | 12.1 |
| Aldeanos / militares | 130 / 268 |
Foco
⚔️ 27.7% · 🌾 72.3%
Scout Cavalry ×86 · Cataphract ×44 · Bombard Cannon ×36 · Knight ×26 · Spearman ×26 · Skirmisher ×26
Feudal
12:37
Castillos
20:38
Imperial
33:18
| APM promedio | 19.2 |
| APM pico | 63 |
| eAPM promedio | 17.2 |
| Aldeanos / militares | 116 / 589 |
Foco
⚔️ 66.6% · 🌾 33.4%
Spearman ×511 · Mangonel ×76 · Trade Cart ×7 · Fishing Ship ×6 · Trebuchet (Packed) ×2
Feudal
12:35
Castillos
20:25
Imperial
31:02
| APM promedio | 32.4 |
| APM pico | 126 |
| eAPM promedio | 22.5 |
| Aldeanos / militares | 116 / 240 |
Foco
⚔️ 33.0% · 🌾 67.0%
Knight ×126 · War Elephant ×73 · Trade Cart ×43 · Bombard Cannon ×39 · Trebuchet (Packed) ×2
Mapa de la partida
Recursos iniciales + cada clic de construcción. Líneas = muros · curvas = relieve. ◆ oro · ⬟ piedra · ● bayas · ✦ reliquia · ◌ hueco del cierre
Tu base· ✓ Cerrada en 23:28 · 25t muro · 2 puerta(s)
Base de GBDT· ✓ Cerrada en 23:05 · 18t muro · sin puerta
Base de andreas7487· ✓ Cerrada en 20:51 · 0t muro · sin puerta
Base de KingYankee1· ✓ Cerrada en 20:01 · 30t muro · sin puerta
Base de giannispolukandriotis.4· ✓ Cerrada en 26:06 · 0t muro · sin puerta
Base de makispapadopoulos7· ✓ Cerrada en 21:37 · 47t muro · 1 puerta(s)
Base de MikeDe· ✓ Cerrada en 20:38 · 0t muro · sin puerta
Base de diomidismav· ✓ Cerrada en 20:25 · 22t muro · 1 puerta(s)
Terreno inicial suavizado · ◌ = hueco del cierre detectado · pasá el cursor para detalles
Inputs por minuto
— Ana Catalina - - GBDT
Build order — Ana Catalina
Primeras 150 de 430 acciones detectadas
| 0:08 | Investigar | Loom |
| 0:09 | Crear | Villager (Male) |
| 0:09 | Crear | Villager (Male) |
| 0:09 | Crear | Villager (Male) |
| 0:10 | Crear | Villager (Male) |
| 0:13 | Construir | House |
| 0:14 | Construir | House |
| 0:20 | Construir | House |
| 2:59 | Crear | Villager (Male) |
| 2:59 | Crear | Villager (Male) |
| 2:59 | Crear | Villager (Male) |
| 3:19 | Crear | Villager (Male) |
| 4:04 | Crear | Villager (Male) |
| 4:05 | Crear | Villager (Male) |
| 4:21 | Crear | Villager (Male) |
| 5:02 | Crear | Villager (Male) |
| 6:05 | Construir | Lumber Camp |
| 6:36 | Crear | Villager (Male) |
| 6:36 | Crear | Villager (Male) |
| 6:46 | Construir | House |
| 7:21 | Crear | Villager (Male) |
| 7:54 | Crear | Villager (Male) |
| 7:54 | Crear | Villager (Male) |
| 8:37 | Crear | Villager (Male) |
| 8:51 | Construir | House |
| 8:53 | Construir | House |
| 9:52 | Construir | Mill |
| 10:04 | Crear | Villager (Male) |
| 10:21 | Investigar | Feudal Age |
| 10:36 | Construir | Mining Camp |
| 10:50 | Construir | Outpost |
| 11:21 | Construir | Outpost |
| 11:32 | Construir | House |
| 11:56 | Construir | Dock |
| 12:20 | Construir | Mill |
| 12:24 | Crear | Fishing Ship |
| 12:24 | Crear | Fishing Ship |
| 12:24 | Crear | Fishing Ship |
| 12:39 | Edad | Edad Feudal |
| 12:44 | Construir | Stone Wall |
| 12:47 | Construir | Gate |
| 12:54 | Construir | Stone Wall |
| 12:54 | Construir | Stone Wall |
| 12:56 | Construir | Stone Wall |
| 12:58 | Construir | Stone Wall |
| 13:12 | Crear | Villager (Male) |
| 13:12 | Crear | Villager (Male) |
| 13:13 | Crear | Villager (Male) |
| 13:13 | Crear | Villager (Male) |
| 13:50 | Crear | Villager (Male) |
| 13:51 | Crear | Villager (Male) |
| 16:06 | Construir | Barracks |
| 16:08 | Crear | Villager (Male) |
| 16:08 | Crear | Villager (Male) |
| 16:09 | Crear | Villager (Male) |
| 16:10 | Crear | Villager (Male) |
| 16:15 | Construir | Farm |
| 16:16 | Construir | Farm |
| 16:17 | Construir | Farm |
| 16:19 | Construir | Farm |
| 16:21 | Construir | Farm |
| 16:34 | Construir | Market |
| 17:00 | Construir | Farm |
| 17:10 | Construir | Mining Camp |
| 17:13 | Crear | Villager (Male) |
| 17:14 | Crear | Villager (Male) |
| 17:23 | Construir | Lumber Camp |
| 17:44 | Construir | Blacksmith |
| 18:05 | Construir | Farm |
| 18:22 | Crear | Villager (Male) |
| 18:46 | Construir | Farm |
| 19:04 | Construir | Farm |
| 19:08 | Construir | Farm |
| 19:17 | Crear | Villager (Male) |
| 19:33 | Construir | Fish Trap |
| 20:01 | Construir | Fish Trap |
| 20:16 | Construir | Fish Trap |
| 20:48 | Investigar | Castle Age |
| 20:57 | Investigar | Tech 906 |
| 21:18 | Investigar | Double-Bit Axe |
| 21:32 | Construir | Gate |
| 21:38 | Construir | Stone Wall |
| 22:08 | Investigar | Town Watch |
| 22:11 | Crear | Villager (Male) |
| 22:11 | Crear | Villager (Male) |
| 22:31 | Investigar | Stone Mining |
| 23:28 | Edad | Edad de los Castillos |
| 23:31 | Construir | Mining Camp |
| 23:41 | Construir | Town Center |
| 23:55 | Construir | Castle |
| 23:59 | Crear | Villager (Male) |
| 23:59 | Crear | Villager (Male) |
| 24:43 | Investigar | Fletching |
| 24:47 | Construir | Mining Camp |
| 24:50 | Crear | Villager (Male) |
| 24:50 | Crear | Villager (Male) |
| 24:54 | Crear | Fishing Ship |
| 24:54 | Crear | Fishing Ship |
| 24:56 | Investigar | Gillnets |
| 24:57 | Crear | Fishing Ship |
| 25:03 | Crear | Villager (Male) |
| 25:04 | Crear | Villager (Male) |
| 25:10 | Crear | Villager (Male) |
| 25:11 | Crear | Villager (Male) |
| 25:27 | Construir | Monastery |
| 25:43 | Construir | Fish Trap |
| 25:57 | Construir | House |
| 25:59 | Crear | Monk |
| 26:49 | Construir | Mill |
| 26:51 | Crear | Villager (Male) |
| 26:51 | Crear | Villager (Male) |
| 26:52 | Crear | Villager (Male) |
| 26:53 | Crear | Villager (Male) |
| 27:05 | Construir | Mining Camp |
| 27:11 | Construir | House |
| 27:14 | Crear | Villager (Male) |
| 27:14 | Crear | Villager (Male) |
| 27:14 | Crear | Villager (Male) |
| 27:21 | Construir | Fish Trap |
| 27:29 | Crear | Villager (Male) |
| 27:29 | Crear | Villager (Male) |
| 27:36 | Construir | Fish Trap |
| 27:46 | Construir | Farm |
| 27:56 | Construir | Farm |
| 28:13 | Crear | Monk |
| 28:20 | Crear | Mameluke |
| 28:20 | Crear | Mameluke |
| 28:20 | Crear | Mameluke |
| 28:20 | Crear | Mameluke |
| 28:21 | Crear | Mameluke |
| 29:14 | Crear | Mameluke |
| 29:48 | Crear | Mameluke |
| 29:48 | Crear | Mameluke |
| 29:51 | Crear | Villager (Male) |
| 29:52 | Crear | Villager (Male) |
| 29:56 | Crear | Villager (Male) |
| 29:56 | Crear | Villager (Male) |
| 29:56 | Crear | Villager (Male) |
| 29:58 | Crear | Villager (Male) |
| 29:58 | Crear | Villager (Male) |
| 30:29 | Investigar | Forging |
| 30:30 | Investigar | Scale Mail Armor |
| 30:34 | Investigar | Padded Archer Armor |
| 30:35 | Investigar | Bodkin Arrow |
| 30:44 | Crear | Villager (Male) |
| 30:51 | Crear | Villager (Male) |
| 31:03 | Crear | Mameluke |
| 31:17 | Construir | House |
| 31:18 | Construir | House |
| 31:19 | Construir | House |
Build order — GBDT
Primeras 150 de 321 acciones detectadas
| 0:04 | Investigar | Loom |
| 0:06 | Crear | Villager (Male) |
| 0:06 | Crear | Villager (Male) |
| 0:07 | Crear | Villager (Male) |
| 0:07 | Crear | Villager (Male) |
| 0:08 | Crear | Villager (Male) |
| 0:12 | Construir | House |
| 1:09 | Construir | Palisade Wall |
| 1:14 | Construir | Palisade Wall |
| 3:18 | Construir | House |
| 3:38 | Construir | House |
| 3:56 | Crear | Villager (Male) |
| 4:15 | Construir | House |
| 5:08 | Construir | House |
| 5:48 | Crear | Villager (Male) |
| 5:49 | Crear | Villager (Male) |
| 5:49 | Crear | Villager (Male) |
| 6:18 | Construir | House |
| 7:17 | Crear | Villager (Male) |
| 7:17 | Crear | Villager (Male) |
| 7:18 | Crear | Villager (Male) |
| 7:18 | Crear | Villager (Male) |
| 7:18 | Crear | Villager (Male) |
| 7:30 | Construir | House |
| 9:12 | Construir | House |
| 9:31 | Crear | Villager (Male) |
| 9:31 | Crear | Villager (Male) |
| 9:32 | Crear | Villager (Male) |
| 9:32 | Crear | Villager (Male) |
| 9:32 | Crear | Villager (Male) |
| 9:46 | Construir | Mill |
| 9:55 | Construir | Mill |
| 10:33 | Crear | Villager (Male) |
| 10:33 | Crear | Villager (Male) |
| 10:46 | Construir | House |
| 10:49 | Construir | House |
| 11:42 | Crear | Villager (Male) |
| 11:43 | Crear | Villager (Male) |
| 11:58 | Construir | Lumber Camp |
| 12:19 | Crear | Villager (Male) |
| 12:19 | Crear | Villager (Male) |
| 12:34 | Crear | Villager (Male) |
| 12:59 | Crear | Villager (Male) |
| 13:00 | Crear | Villager (Male) |
| 14:13 | Construir | Mining Camp |
| 14:31 | Crear | Villager (Male) |
| 14:36 | Crear | Villager (Male) |
| 15:11 | Construir | Mining Camp |
| 15:16 | Crear | Villager (Male) |
| 15:24 | Crear | Villager (Male) |
| 16:11 | Crear | Villager (Male) |
| 16:48 | Investigar | Feudal Age |
| 17:10 | Construir | Farm |
| 17:12 | Construir | Farm |
| 17:13 | Construir | Farm |
| 17:15 | Construir | Farm |
| 17:28 | Construir | Farm |
| 17:40 | Construir | Farm |
| 17:49 | Construir | Farm |
| 18:12 | Crear | Villager (Male) |
| 18:12 | Crear | Villager (Male) |
| 18:58 | Edad | Edad Feudal |
| 19:02 | Construir | Market |
| 19:08 | Construir | Blacksmith |
| 19:31 | Construir | Farm |
| 20:25 | Investigar | Castle Age |
| 21:15 | Investigar | Double-Bit Axe |
| 21:17 | Investigar | Horse Collar |
| 21:40 | Investigar | Gold Mining |
| 22:25 | Construir | Barracks |
| 22:45 | Investigar | Wheelbarrow |
| 22:57 | Construir | Farm |
| 23:05 | Edad | Edad de los Castillos |
| 23:05 | Construir | Farm |
| 23:23 | Construir | Castle |
| 23:37 | Crear | Villager (Male) |
| 23:40 | Crear | Villager (Male) |
| 23:49 | Construir | Farm |
| 24:32 | Crear | Villager (Male) |
| 24:50 | Construir | Farm |
| 24:52 | Construir | Farm |
| 24:55 | Construir | Farm |
| 24:59 | Construir | Farm |
| 25:25 | Construir | Dock |
| 25:33 | Crear | Villager (Male) |
| 26:05 | Crear | Villager (Male) |
| 26:38 | Crear | Fishing Ship |
| 26:38 | Crear | Fishing Ship |
| 26:59 | Construir | Siege Workshop |
| 27:02 | Crear | Villager (Male) |
| 28:00 | Investigar | Imperial Age |
| 29:12 | Construir | Mining Camp |
| 29:39 | Construir | House |
| 29:43 | Construir | House |
| 29:45 | Construir | House |
| 29:46 | Construir | House |
| 29:48 | Construir | House |
| 30:10 | Investigar | Stone Mining |
| 30:46 | Crear | Villager (Male) |
| 30:46 | Crear | Villager (Male) |
| 31:10 | Edad | Edad Imperial |
| 31:31 | Construir | University |
| 31:52 | Investigar | Conscription |
| 32:09 | Construir | Feitoria |
| 32:31 | Investigar | Pikeman (upgrade) |
| 32:33 | Investigar | Gambesons |
| 32:48 | Investigar | Chemistry |
| 32:50 | Investigar | Treadmill Crane |
| 33:35 | Construir | Barracks |
| 34:40 | Crear | Bombard Cannon |
| 34:40 | Crear | Bombard Cannon |
| 34:58 | Construir | Stone Wall |
| 35:18 | Construir | Gate |
| 35:34 | Crear | Spearman |
| 35:34 | Crear | Spearman |
| 35:35 | Crear | Spearman |
| 35:35 | Crear | Spearman |
| 35:36 | Crear | Spearman |
| 35:36 | Crear | Spearman |
| 35:37 | Crear | Spearman |
| 35:37 | Crear | Spearman |
| 35:37 | Crear | Spearman |
| 35:37 | Crear | Spearman |
| 35:46 | Construir | Barracks |
| 36:05 | Construir | Feitoria |
| 37:01 | Construir | Barracks |
| 37:05 | Construir | Barracks |
| 37:06 | Construir | Barracks |
| 37:15 | Investigar | Halberdier (upgrade) |
| 37:21 | Investigar | Scale Mail Armor |
| 37:22 | Investigar | Forging |
| 37:30 | Construir | House |
| 37:34 | Construir | House |
| 37:35 | Construir | House |
| 37:36 | Construir | House |
| 37:38 | Construir | House |
| 37:51 | Crear | Spearman |
| 37:51 | Crear | Spearman |
| 37:52 | Crear | Spearman |
| 37:52 | Crear | Spearman |
| 37:52 | Crear | Spearman |
| 37:53 | Crear | Spearman |
| 37:53 | Crear | Spearman |
| 37:53 | Crear | Spearman |
| 37:57 | Crear | Spearman |
| 37:58 | Crear | Spearman |
| 38:33 | Crear | Bombard Cannon |
| 38:34 | Crear | Bombard Cannon |
| 39:02 | Crear | Spearman |
| 39:02 | Crear | Spearman |
Build order — andreas7487
Primeras 150 de 330 acciones detectadas
| 0:09 | Investigar | Loom |
| 0:10 | Crear | Villager (Male) |
| 0:12 | Crear | Villager (Male) ×3 |
| 0:15 | Construir | House |
| 0:18 | Construir | House |
| 0:21 | Construir | House |
| 1:20 | Construir | Mill |
| 2:03 | Crear | Villager (Male) |
| 2:34 | Crear | Villager (Male) |
| 3:00 | Crear | Villager (Male) |
| 3:29 | Crear | Villager (Male) |
| 3:36 | Crear | Villager (Male) |
| 4:10 | Crear | Villager (Male) |
| 4:17 | Crear | Villager (Male) |
| 4:53 | Crear | Villager (Male) |
| 5:07 | Crear | Villager (Male) |
| 5:26 | Construir | Lumber Camp |
| 5:50 | Crear | Villager (Male) |
| 5:51 | Crear | Villager (Male) |
| 5:51 | Crear | Villager (Male) |
| 6:05 | Construir | House |
| 6:12 | Crear | Villager (Male) ×2 |
| 6:56 | Construir | House |
| 7:30 | Construir | House |
| 7:50 | Construir | Farm |
| 7:54 | Crear | Villager (Male) ×4 |
| 8:36 | Construir | Mining Camp |
| 8:54 | Crear | Villager (Male) |
| 8:57 | Crear | Villager (Male) ×4 |
| 9:26 | Construir | Mining Camp |
| 9:49 | Construir | Lumber Camp |
| 10:15 | Construir | Farm |
| 11:07 | Construir | Mill |
| 11:16 | Investigar | Feudal Age |
| 11:40 | Construir | Mill |
| 12:12 | Construir | House |
| 12:15 | Construir | House |
| 12:17 | Construir | House |
| 12:18 | Construir | House |
| 12:19 | Construir | House |
| 12:21 | Construir | House |
| 13:24 | Crear | Villager (Male) ×5 |
| 14:01 | Edad | Edad Feudal |
| 14:04 | Investigar | Gold Mining |
| 14:06 | Investigar | Double-Bit Axe |
| 14:36 | Investigar | Stone Mining |
| 15:02 | Construir | Market |
| 15:10 | Construir | Market |
| 15:21 | Construir | Farm |
| 15:54 | Crear | Villager (Male) |
| 15:54 | Crear | Villager (Male) |
| 15:55 | Crear | Villager (Male) |
| 16:10 | Construir | Farm |
| 16:35 | Construir | Lumber Camp |
| 16:41 | Construir | Farm |
| 16:44 | Construir | Farm |
| 16:49 | Construir | Farm |
| 17:01 | Construir | Farm |
| 17:22 | Crear | Villager (Male) |
| 17:25 | Construir | Farm |
| 17:50 | Construir | Farm |
| 18:11 | Investigar | Castle Age |
| 18:31 | Construir | Stable |
| 18:36 | Construir | Stable |
| 18:40 | Construir | Stable |
| 18:57 | Construir | Mining Camp |
| 19:15 | Construir | Farm |
| 19:28 | Crear | Trade Cart ×3 |
| 19:51 | Investigar | Horse Collar |
| 20:00 | Construir | House |
| 20:01 | Construir | House |
| 20:03 | Construir | House |
| 20:05 | Construir | House |
| 20:05 | Construir | House |
| 20:15 | Crear | Villager (Male) ×5 |
| 20:18 | Investigar | Wheelbarrow |
| 20:51 | Edad | Edad de los Castillos |
| 21:11 | Construir | Castle |
| 21:18 | Investigar | Gold Shaft Mining |
| 21:22 | Construir | Farm |
| 21:36 | Construir | Town Center |
| 21:48 | Crear | Trade Cart ×2 |
| 21:48 | Crear | Trade Cart ×2 |
| 21:52 | Crear | Trade Cart |
| 21:52 | Crear | Trade Cart |
| 22:43 | Crear | Villager (Male) |
| 22:44 | Crear | Villager (Male) |
| 22:44 | Crear | Villager (Male) |
| 23:28 | Crear | Villager (Male) ×5 |
| 23:28 | Crear | Villager (Male) ×5 |
| 23:57 | Construir | Siege Workshop |
| 24:02 | Construir | Siege Workshop |
| 24:05 | Construir | Siege Workshop |
| 24:11 | Construir | Siege Workshop |
| 24:20 | Crear | Ballista Elephant |
| 24:20 | Crear | Ballista Elephant |
| 24:20 | Crear | Ballista Elephant |
| 24:42 | Construir | Farm |
| 25:04 | Construir | Farm |
| 25:28 | Crear | Villager (Male) ×5 |
| 25:31 | Construir | Farm |
| 25:40 | Crear | Ballista Elephant |
| 25:41 | Crear | Ballista Elephant |
| 26:12 | Construir | Lumber Camp |
| 26:30 | Construir | Town Center |
| 26:44 | Construir | Farm |
| 26:46 | Crear | Villager (Male) |
| 26:47 | Crear | Villager (Male) |
| 26:51 | Construir | Farm |
| 26:54 | Construir | Farm |
| 27:05 | Investigar | Bow Saw |
| 27:11 | Construir | House |
| 27:12 | Construir | House |
| 27:12 | Construir | House |
| 27:23 | Crear | Trade Cart |
| 27:23 | Crear | Trade Cart |
| 27:24 | Crear | Trade Cart |
| 27:34 | Construir | Farm |
| 27:58 | Investigar | Imperial Age |
| 28:06 | Construir | Farm |
| 28:24 | Construir | Mining Camp |
| 28:34 | Construir | University |
| 28:41 | Construir | Blacksmith |
| 28:58 | Construir | Monastery |
| 29:01 | Crear | Villager (Male) ×5 |
| 29:22 | Construir | House |
| 29:22 | Construir | House |
| 29:22 | Construir | House |
| 29:23 | Construir | House |
| 29:23 | Construir | House |
| 29:56 | Crear | Monk |
| 29:56 | Crear | Monk |
| 30:16 | Crear | Villager (Male) ×5 |
| 30:20 | Construir | Farm |
| 30:36 | Investigar | Hand Cart |
| 30:53 | Construir | Farm |
| 31:08 | Edad | Edad Imperial |
| 31:09 | Crear | Trebuchet (Packed) |
| 31:10 | Crear | Trebuchet (Packed) |
| 31:52 | Investigar | Heavy Scorpion (upgrade) |
| 32:03 | Crear | Villager (Male) |
| 32:03 | Crear | Villager (Male) |
| 32:10 | Crear | Villager (Male) |
| 32:10 | Crear | Villager (Male) |
| 32:11 | Crear | Villager (Male) |
| 32:17 | Construir | Lumber Camp |
| 32:29 | Construir | Farm |
| 32:46 | Construir | Mining Camp |
| 32:52 | Crear | Villager (Male) |
| 32:52 | Crear | Villager (Male) |
Build order — KingYankee1
Primeras 150 de 820 acciones detectadas
| 0:06 | Construir | House |
| 0:07 | Construir | House |
| 0:09 | Crear | Villager (Male) |
| 0:10 | Investigar | Loom |
| 0:25 | Construir | Palisade Wall |
| 0:35 | Crear | Villager (Male) |
| 0:36 | Crear | Villager (Male) |
| 0:36 | Crear | Villager (Male) |
| 2:01 | Construir | Palisade Wall |
| 2:50 | Construir | Lumber Camp |
| 3:26 | Crear | Villager (Male) |
| 3:27 | Crear | Villager (Male) |
| 4:07 | Crear | Villager (Male) |
| 4:07 | Crear | Villager (Male) |
| 4:42 | Crear | Villager (Male) |
| 4:50 | Construir | House |
| 4:56 | Crear | Villager (Male) |
| 5:32 | Crear | Villager (Male) |
| 5:47 | Construir | House |
| 6:06 | Crear | Villager (Male) |
| 6:06 | Crear | Villager (Male) |
| 7:04 | Crear | Villager (Male) |
| 7:38 | Crear | Villager (Male) |
| 8:05 | Construir | Mill |
| 8:11 | Crear | Villager (Male) |
| 8:11 | Crear | Villager (Male) |
| 8:41 | Crear | Villager (Male) |
| 9:17 | Crear | Villager (Male) |
| 9:18 | Crear | Villager (Male) |
| 9:40 | Crear | Villager (Male) |
| 10:01 | Construir | Farm |
| 10:02 | Construir | Farm |
| 10:04 | Construir | Farm |
| 10:08 | Construir | Farm |
| 10:36 | Construir | House |
| 10:48 | Crear | Villager (Male) |
| 11:21 | Investigar | Feudal Age |
| 11:31 | Construir | Mining Camp |
| 12:18 | Construir | Farm |
| 12:19 | Construir | Farm |
| 13:31 | Edad | Edad Feudal |
| 13:34 | Investigar | Wheelbarrow |
| 13:38 | Investigar | Double-Bit Axe |
| 13:44 | Investigar | Horse Collar |
| 14:15 | Construir | Stone Wall |
| 14:30 | Construir | Stone Wall |
| 14:53 | Crear | Villager (Male) |
| 14:56 | Crear | Villager (Male) |
| 15:10 | Construir | Market |
| 15:47 | Crear | Villager (Male) |
| 15:56 | Construir | Blacksmith |
| 16:14 | Crear | Villager (Male) |
| 16:48 | Crear | Villager (Male) |
| 17:05 | Construir | Barracks |
| 17:21 | Investigar | Castle Age |
| 17:51 | Construir | House |
| 18:00 | Investigar | Gold Mining |
| 18:18 | Construir | Mining Camp |
| 20:01 | Edad | Edad de los Castillos |
| 20:03 | Investigar | Hand Cart |
| 20:24 | Investigar | Bow Saw |
| 20:31 | Construir | Town Center |
| 20:54 | Construir | Town Center |
| 21:01 | Crear | Villager (Male) |
| 21:14 | Crear | Villager (Male) |
| 21:24 | Crear | Villager (Male) |
| 21:48 | Crear | Villager (Male) |
| 21:48 | Crear | Villager (Male) |
| 22:02 | Crear | Villager (Male) |
| 22:17 | Crear | Villager (Male) |
| 22:17 | Crear | Villager (Male) |
| 22:17 | Crear | Villager (Male) |
| 22:36 | Crear | Villager (Male) |
| 22:37 | Crear | Villager (Male) |
| 22:37 | Crear | Villager (Male) |
| 22:48 | Construir | Siege Workshop |
| 22:51 | Crear | Spearman |
| 22:54 | Crear | Villager (Male) |
| 22:55 | Crear | Villager (Male) |
| 22:55 | Crear | Villager (Male) |
| 23:08 | Construir | Farm |
| 23:10 | Construir | Farm |
| 23:18 | Crear | Villager (Male) |
| 23:18 | Crear | Villager (Male) |
| 23:18 | Crear | Villager (Male) |
| 23:25 | Construir | Farm |
| 23:27 | Construir | Farm |
| 23:28 | Construir | Farm |
| 23:40 | Construir | Farm |
| 23:42 | Construir | Farm |
| 23:44 | Crear | Villager (Male) |
| 23:59 | Construir | House |
| 24:01 | Construir | House |
| 24:13 | Construir | Monastery |
| 24:16 | Crear | Villager (Male) |
| 24:16 | Crear | Villager (Male) |
| 24:17 | Crear | Villager (Male) |
| 24:22 | Crear | Scorpion |
| 24:23 | Crear | Scorpion |
| 24:30 | Crear | Spearman |
| 24:33 | Crear | Villager (Male) |
| 24:44 | Construir | Farm |
| 24:50 | Construir | Farm |
| 24:52 | Crear | Villager (Male) |
| 24:53 | Crear | Villager (Male) |
| 24:53 | Crear | Villager (Male) |
| 24:58 | Crear | Scorpion |
| 25:18 | Crear | Monk |
| 25:26 | Construir | House |
| 25:27 | Construir | House |
| 25:30 | Crear | Villager (Male) |
| 25:30 | Crear | Villager (Male) |
| 25:31 | Crear | Villager (Male) |
| 25:49 | Construir | Town Center |
| 25:53 | Crear | Villager (Male) |
| 25:53 | Crear | Villager (Male) |
| 26:02 | Crear | Villager (Male) |
| 26:02 | Crear | Villager (Male) |
| 26:02 | Crear | Villager (Male) |
| 26:10 | Investigar | Stone Mining |
| 26:23 | Construir | House |
| 26:24 | Construir | House |
| 26:41 | Crear | Villager (Male) |
| 26:41 | Crear | Villager (Male) |
| 26:42 | Crear | Villager (Male) |
| 26:46 | Construir | Farm |
| 26:47 | Construir | Farm |
| 26:59 | Construir | Mining Camp |
| 27:03 | Crear | Scorpion |
| 27:11 | Crear | Villager (Male) |
| 27:15 | Crear | Villager (Male) |
| 27:20 | Construir | Farm |
| 27:22 | Crear | Villager (Male) |
| 27:23 | Crear | Villager (Male) |
| 27:23 | Crear | Villager (Male) |
| 27:32 | Crear | Villager (Male) |
| 27:33 | Crear | Villager (Male) |
| 27:33 | Crear | Villager (Male) |
| 27:48 | Construir | Siege Workshop |
| 28:10 | Investigar | Caravan |
| 28:11 | Crear | Trade Cart |
| 28:14 | Crear | Villager (Male) |
| 28:14 | Crear | Villager (Male) |
| 28:14 | Crear | Villager (Male) |
| 28:20 | Construir | Farm |
| 28:21 | Construir | Farm |
| 28:24 | Construir | Farm |
| 28:27 | Crear | Villager (Male) |
| 28:28 | Crear | Villager (Male) |
| 28:28 | Crear | Villager (Male) |
Build order — giannispolukandriotis.4
Primeras 150 de 284 acciones detectadas
| 0:10 | Investigar | Loom |
| 0:10 | Crear | Villager (Male) ×4 |
| 0:22 | Construir | House |
| 0:24 | Construir | House |
| 0:26 | Construir | House |
| 2:17 | Crear | Villager (Male) |
| 3:05 | Crear | Villager (Male) |
| 3:52 | Crear | Villager (Male) |
| 3:56 | Crear | Villager (Male) |
| 4:10 | Crear | Villager (Male) |
| 4:33 | Crear | Villager (Male) |
| 5:01 | Crear | Villager (Male) |
| 5:17 | Crear | Villager (Male) |
| 5:44 | Crear | Villager (Male) |
| 6:01 | Crear | Villager (Male) |
| 6:01 | Crear | Villager (Male) |
| 6:45 | Construir | Lumber Camp |
| 6:57 | Crear | Villager (Male) |
| 6:57 | Crear | Villager (Male) |
| 7:57 | Construir | House |
| 7:58 | Construir | House |
| 7:59 | Construir | House |
| 8:11 | Construir | Mill |
| 8:51 | Crear | Villager (Male) |
| 8:52 | Crear | Villager (Male) |
| 10:09 | Crear | Villager (Male) |
| 10:31 | Investigar | Feudal Age |
| 12:41 | Edad | Edad Feudal |
| 12:47 | Crear | Villager (Male) ×5 |
| 13:11 | Crear | Villager (Male) |
| 13:12 | Crear | Villager (Male) |
| 13:12 | Crear | Villager (Male) |
| 13:27 | Construir | Market |
| 13:48 | Construir | Mining Camp |
| 14:13 | Construir | Mining Camp |
| 14:25 | Crear | Villager (Male) |
| 14:25 | Crear | Villager (Male) |
| 14:26 | Crear | Villager (Male) |
| 14:42 | Construir | Blacksmith |
| 14:52 | Crear | Villager (Male) |
| 14:53 | Crear | Villager (Male) |
| 15:15 | Crear | Villager (Male) |
| 15:40 | Crear | Villager (Male) |
| 16:12 | Crear | Villager (Male) |
| 16:12 | Crear | Villager (Male) |
| 16:13 | Crear | Villager (Male) |
| 17:09 | Crear | Villager (Male) |
| 17:09 | Crear | Villager (Male) |
| 17:09 | Crear | Villager (Male) |
| 17:10 | Crear | Villager (Male) |
| 17:10 | Crear | Villager (Male) |
| 17:30 | Construir | Farm |
| 17:31 | Construir | Farm |
| 17:32 | Construir | Farm |
| 17:35 | Construir | Farm |
| 17:38 | Construir | Farm |
| 17:39 | Construir | Farm |
| 17:43 | Construir | Farm |
| 17:46 | Construir | Farm |
| 17:48 | Construir | Farm |
| 17:51 | Construir | Farm |
| 17:53 | Construir | Farm |
| 17:55 | Construir | Farm |
| 17:58 | Construir | Farm |
| 17:59 | Construir | Farm |
| 18:05 | Construir | Farm |
| 18:09 | Crear | Villager (Male) |
| 18:22 | Construir | House |
| 18:51 | Construir | House |
| 18:57 | Construir | House |
| 19:18 | Construir | Market |
| 20:27 | Construir | House |
| 20:28 | Construir | House |
| 20:29 | Construir | House |
| 20:31 | Construir | House |
| 20:49 | Construir | Barracks |
| 22:16 | Investigar | Castle Age |
| 23:40 | Crear | Trade Cart |
| 23:40 | Crear | Trade Cart |
| 23:51 | Construir | House |
| 23:52 | Construir | House |
| 23:56 | Construir | House |
| 23:57 | Construir | House |
| 23:59 | Construir | House |
| 24:13 | Construir | Archery Range |
| 24:58 | Crear | Villager (Male) ×5 |
| 24:58 | Crear | Villager (Male) ×5 |
| 24:58 | Crear | Villager (Male) ×5 |
| 25:27 | Construir | Archery Range |
| 25:55 | Crear | Trade Cart |
| 25:56 | Crear | Trade Cart |
| 26:06 | Edad | Edad de los Castillos |
| 26:08 | Crear | Villager (Male) |
| 26:15 | Construir | Town Center |
| 26:28 | Construir | Town Center |
| 26:40 | Construir | Farm |
| 27:02 | Construir | Farm |
| 27:11 | Crear | Villager (Male) ×5 |
| 27:12 | Crear | Villager (Male) ×5 |
| 27:23 | Crear | Villager (Male) |
| 27:31 | Construir | Farm |
| 27:56 | Construir | Farm |
| 28:21 | Construir | Farm |
| 28:36 | Crear | Villager (Male) ×5 |
| 28:43 | Construir | Farm |
| 29:02 | Crear | Villager (Male) ×5 |
| 29:03 | Crear | Villager (Male) |
| 29:11 | Construir | Farm |
| 29:25 | Crear | Villager (Male) |
| 29:25 | Crear | Villager (Male) |
| 29:35 | Construir | Farm |
| 29:41 | Crear | Villager (Male) |
| 29:42 | Crear | Villager (Male) |
| 29:42 | Crear | Villager (Male) |
| 29:57 | Construir | Farm |
| 30:41 | Construir | Castle |
| 30:51 | Construir | Farm |
| 30:53 | Construir | Farm |
| 30:54 | Construir | Farm |
| 31:18 | Construir | Farm |
| 31:56 | Construir | Farm |
| 32:03 | Construir | Farm |
| 32:17 | Construir | Monastery |
| 32:28 | Construir | Farm |
| 32:52 | Construir | Farm |
| 33:11 | Construir | Mining Camp |
| 33:21 | Construir | Farm |
| 33:40 | Construir | University |
| 33:54 | Crear | Monk |
| 34:59 | Construir | Stable |
| 35:01 | Construir | Stable |
| 35:02 | Construir | Stable |
| 35:03 | Construir | Stable |
| 35:05 | Construir | Stable |
| 35:06 | Construir | Stable |
| 35:17 | Investigar | Imperial Age |
| 35:21 | Investigar | Wheelbarrow |
| 35:24 | Investigar | Gold Mining |
| 35:27 | Investigar | Stone Mining |
| 35:30 | Investigar | Horse Collar |
| 35:34 | Investigar | Double-Bit Axe |
| 35:57 | Investigar | Forging |
| 36:04 | Investigar | Chatras |
| 36:14 | Construir | Castle |
| 36:23 | Investigar | Hand Cart |
| 36:27 | Investigar | Heavy Plow |
| 36:34 | Investigar | Bow Saw |
| 36:39 | Investigar | Scale Barding Armor |
| 37:04 | Investigar | Coinage |
| 37:06 | Investigar | Caravan |
Build order — makispapadopoulos7
Primeras 150 de 552 acciones detectadas
| 0:04 | Investigar | Loom |
| 0:05 | Crear | Villager (Male) |
| 0:05 | Crear | Villager (Male) |
| 0:05 | Crear | Villager (Male) |
| 0:09 | Construir | House |
| 0:12 | Construir | House |
| 1:10 | Crear | Villager (Male) |
| 2:11 | Construir | Palisade Wall |
| 2:12 | Crear | Villager (Male) |
| 2:40 | Crear | Villager (Male) |
| 3:49 | Construir | House |
| 3:53 | Crear | Villager (Male) |
| 3:53 | Crear | Villager (Male) |
| 4:18 | Crear | Villager (Male) |
| 4:54 | Crear | Villager (Male) |
| 4:54 | Crear | Villager (Male) |
| 5:23 | Construir | Palisade Wall |
| 5:26 | Crear | Villager (Male) |
| 5:46 | Crear | Villager (Male) |
| 6:44 | Construir | Palisade Wall |
| 6:57 | Crear | Villager (Male) |
| 7:07 | Crear | Villager (Male) |
| 7:18 | Construir | Mining Camp |
| 7:28 | Construir | Lumber Camp |
| 7:32 | Crear | Villager (Male) |
| 7:41 | Crear | Villager (Male) |
| 7:52 | Crear | Villager (Male) |
| 8:23 | Crear | Villager (Male) |
| 8:23 | Crear | Villager (Male) |
| 8:24 | Crear | Villager (Male) |
| 8:57 | Construir | House |
| 9:02 | Crear | Villager (Male) |
| 9:22 | Construir | House |
| 9:30 | Crear | Villager (Male) |
| 9:49 | Crear | Villager (Male) |
| 10:07 | Crear | Villager (Male) |
| 10:15 | Construir | Mill |
| 10:27 | Investigar | Feudal Age |
| 11:22 | Construir | Mining Camp |
| 11:26 | Crear | Villager (Male) |
| 12:10 | Construir | House |
| 12:14 | Construir | House |
| 12:55 | Edad | Edad Feudal |
| 13:17 | Construir | Market |
| 13:21 | Crear | Villager (Male) |
| 13:42 | Crear | Villager (Male) |
| 14:05 | Construir | House |
| 14:08 | Crear | Villager (Male) |
| 14:44 | Crear | Villager (Male) |
| 14:46 | Crear | Villager (Male) |
| 14:51 | Construir | Blacksmith |
| 15:04 | Construir | Farm |
| 15:04 | Construir | Farm |
| 15:04 | Construir | Farm |
| 15:05 | Construir | Farm |
| 15:05 | Construir | Farm |
| 15:05 | Construir | Farm |
| 15:28 | Construir | Farm |
| 15:35 | Crear | Villager (Male) |
| 16:01 | Construir | Farm |
| 16:02 | Construir | Farm |
| 16:02 | Construir | Farm |
| 16:02 | Construir | Farm |
| 16:03 | Construir | Farm |
| 16:03 | Construir | Farm |
| 16:03 | Construir | Farm |
| 16:03 | Construir | Farm |
| 16:04 | Construir | Farm |
| 16:04 | Construir | Farm |
| 16:04 | Construir | Farm |
| 16:12 | Crear | Villager (Male) |
| 16:13 | Crear | Villager (Male) |
| 16:37 | Construir | Farm |
| 16:38 | Construir | Farm |
| 16:38 | Construir | Farm |
| 16:38 | Construir | Farm |
| 16:39 | Construir | Farm |
| 16:39 | Construir | Farm |
| 16:39 | Construir | Farm |
| 16:51 | Construir | Farm |
| 16:52 | Construir | Farm |
| 16:52 | Construir | Farm |
| 16:52 | Construir | Farm |
| 16:52 | Construir | Farm |
| 16:53 | Construir | Farm |
| 17:00 | Crear | Villager (Male) |
| 17:27 | Construir | Farm |
| 17:27 | Construir | Farm |
| 17:27 | Construir | Farm |
| 17:27 | Construir | Farm |
| 17:28 | Construir | Farm |
| 17:35 | Crear | Villager (Male) |
| 17:50 | Construir | Farm |
| 17:50 | Construir | Farm |
| 17:50 | Construir | Farm |
| 17:51 | Construir | Farm |
| 17:51 | Construir | Farm |
| 17:51 | Construir | Farm |
| 17:51 | Construir | Farm |
| 17:59 | Crear | Villager (Male) |
| 18:08 | Construir | Farm |
| 18:20 | Crear | Villager (Male) |
| 18:40 | Construir | Farm |
| 18:41 | Construir | Farm |
| 18:41 | Construir | Farm |
| 18:41 | Construir | Farm |
| 18:41 | Construir | Farm |
| 18:57 | Investigar | Castle Age |
| 19:22 | Investigar | Double-Bit Axe |
| 19:54 | Investigar | Horse Collar |
| 20:16 | Construir | Stone Wall |
| 20:25 | Construir | Gate |
| 20:57 | Construir | Stone Wall |
| 21:02 | Investigar | Wheelbarrow |
| 21:12 | Investigar | Gold Mining |
| 21:13 | Investigar | Stone Mining |
| 21:37 | Edad | Edad de los Castillos |
| 21:55 | Construir | Town Center |
| 21:58 | Crear | Villager (Male) |
| 22:14 | Construir | Town Center |
| 22:21 | Crear | Villager (Male) |
| 22:21 | Crear | Villager (Male) |
| 22:48 | Crear | Villager (Male) |
| 22:48 | Crear | Villager (Male) |
| 22:48 | Crear | Villager (Male) |
| 23:03 | Investigar | Bow Saw |
| 23:05 | Crear | Villager (Male) |
| 23:05 | Crear | Villager (Male) |
| 23:15 | Crear | Villager (Male) |
| 23:15 | Crear | Villager (Male) |
| 23:41 | Construir | Mining Camp |
| 23:42 | Crear | Villager (Male) |
| 23:42 | Crear | Villager (Male) |
| 23:43 | Crear | Villager (Male) |
| 24:03 | Crear | Villager (Male) |
| 24:17 | Construir | House |
| 24:19 | Construir | House |
| 24:21 | Construir | House |
| 24:26 | Construir | House |
| 24:29 | Construir | House |
| 24:33 | Crear | Villager (Male) |
| 24:33 | Crear | Villager (Male) |
| 24:33 | Crear | Villager (Male) |
| 25:00 | Crear | Villager (Male) |
| 25:01 | Crear | Villager (Male) |
| 25:03 | Investigar | Hand Cart |
| 25:19 | Crear | Villager (Male) |
| 25:19 | Crear | Villager (Male) |
| 25:48 | Construir | Farm |
| 25:48 | Construir | Farm |
Build order — MikeDe
Primeras 150 de 876 acciones detectadas
| 0:06 | Construir | House |
| 0:10 | Construir | House |
| 0:14 | Crear | Villager (Male) |
| 0:14 | Crear | Villager (Male) |
| 0:14 | Crear | Villager (Male) |
| 0:15 | Crear | Villager (Male) |
| 1:36 | Crear | Villager (Male) |
| 2:05 | Construir | Lumber Camp |
| 2:11 | Crear | Villager (Male) |
| 2:11 | Crear | Villager (Male) |
| 3:09 | Crear | Villager (Male) |
| 3:09 | Crear | Villager (Male) |
| 3:09 | Crear | Villager (Male) |
| 4:00 | Crear | Villager (Male) |
| 4:00 | Crear | Villager (Male) |
| 4:01 | Crear | Villager (Male) |
| 4:06 | Construir | House |
| 4:48 | Construir | Mill |
| 4:52 | Crear | Villager (Male) |
| 4:53 | Crear | Villager (Male) |
| 5:15 | Construir | House |
| 5:24 | Crear | Villager (Male) |
| 5:52 | Crear | Villager (Male) |
| 6:22 | Construir | Dock |
| 6:27 | Crear | Villager (Male) |
| 6:36 | Crear | Villager (Male) |
| 6:37 | Crear | Villager (Male) |
| 7:09 | Crear | Villager (Male) |
| 7:09 | Crear | Villager (Male) |
| 7:27 | Crear | Fishing Ship |
| 7:27 | Crear | Fishing Ship |
| 7:51 | Crear | Fishing Ship |
| 8:17 | Crear | Villager (Male) |
| 8:17 | Crear | Villager (Male) |
| 8:40 | Crear | Villager (Male) |
| 9:29 | Construir | House |
| 9:40 | Crear | Fishing Ship |
| 9:40 | Crear | Fishing Ship |
| 9:59 | Construir | Mill |
| 10:10 | Construir | Farm |
| 10:11 | Construir | Farm |
| 10:27 | Investigar | Feudal Age |
| 11:02 | Construir | Farm |
| 11:16 | Crear | Villager (Male) |
| 11:16 | Crear | Villager (Male) |
| 11:48 | Construir | House |
| 11:50 | Construir | House |
| 11:51 | Construir | House |
| 11:53 | Construir | House |
| 11:54 | Construir | House |
| 12:18 | Crear | Fishing Ship |
| 12:37 | Edad | Edad Feudal |
| 12:41 | Investigar | Horse Collar |
| 12:43 | Investigar | Double-Bit Axe |
| 12:53 | Crear | Villager (Male) |
| 12:54 | Crear | Villager (Male) |
| 13:05 | Construir | Barracks |
| 13:14 | Construir | Mining Camp |
| 13:43 | Crear | Villager (Male) |
| 14:08 | Crear | Villager (Male) |
| 14:08 | Crear | Villager (Male) |
| 14:23 | Crear | Villager (Male) |
| 14:23 | Crear | Villager (Male) |
| 14:38 | Construir | Blacksmith |
| 15:16 | Construir | Fish Trap |
| 15:17 | Construir | Fish Trap |
| 15:20 | Construir | Fish Trap |
| 15:22 | Construir | Fish Trap |
| 15:26 | Construir | Fish Trap |
| 15:32 | Crear | Villager (Male) |
| 15:32 | Crear | Villager (Male) |
| 15:48 | Crear | Villager (Male) |
| 16:08 | Construir | Stable |
| 16:29 | Construir | Farm |
| 16:45 | Construir | Farm |
| 16:47 | Construir | Farm |
| 16:48 | Construir | Farm |
| 17:20 | Construir | Farm |
| 17:21 | Construir | Farm |
| 17:29 | Construir | Farm |
| 17:36 | Construir | Farm |
| 17:45 | Construir | Fish Trap |
| 17:54 | Construir | Farm |
| 17:58 | Investigar | Castle Age |
| 18:14 | Construir | Farm |
| 18:15 | Construir | Farm |
| 18:16 | Construir | Farm |
| 18:20 | Investigar | Forging |
| 18:24 | Crear | Villager (Male) |
| 18:24 | Crear | Villager (Male) |
| 18:25 | Crear | Villager (Male) |
| 18:50 | Construir | Lumber Camp |
| 18:59 | Construir | Lumber Camp |
| 19:11 | Construir | Farm |
| 19:58 | Investigar | Tech 906 |
| 20:10 | Investigar | Gold Mining |
| 20:12 | Investigar | Stone Mining |
| 20:18 | Crear | Villager (Male) |
| 20:38 | Edad | Edad de los Castillos |
| 20:40 | Investigar | Heavy Plow |
| 20:44 | Investigar | Bow Saw |
| 21:15 | Construir | Town Center |
| 21:19 | Crear | Villager (Male) |
| 21:19 | Crear | Villager (Male) |
| 21:27 | Investigar | Stone Shaft Mining |
| 21:43 | Investigar | Pikeman (upgrade) |
| 21:44 | Investigar | Squires |
| 21:48 | Investigar | Fletching |
| 22:21 | Crear | Villager (Male) |
| 22:22 | Crear | Villager (Male) |
| 22:52 | Construir | Town Center |
| 22:56 | Crear | Villager (Male) |
| 22:58 | Crear | Villager (Male) |
| 23:04 | Crear | Villager (Male) |
| 23:04 | Crear | Villager (Male) |
| 23:04 | Crear | Villager (Male) |
| 23:05 | Crear | Villager (Male) |
| 23:11 | Investigar | Wheelbarrow |
| 23:56 | Construir | Farm |
| 23:58 | Construir | Farm |
| 24:00 | Construir | Farm |
| 24:09 | Construir | Farm |
| 24:34 | Crear | Villager (Male) |
| 24:39 | Crear | Villager (Male) |
| 24:39 | Crear | Villager (Male) |
| 24:39 | Crear | Villager (Male) |
| 24:40 | Crear | Villager (Male) |
| 24:40 | Crear | Villager (Male) |
| 24:46 | Crear | Villager (Male) |
| 24:47 | Crear | Villager (Male) |
| 24:47 | Crear | Villager (Male) |
| 24:56 | Crear | Villager (Male) |
| 24:56 | Crear | Villager (Male) |
| 24:56 | Crear | Villager (Male) |
| 24:57 | Crear | Villager (Male) |
| 25:08 | Investigar | Iron Casting |
| 25:15 | Construir | House |
| 25:16 | Construir | House |
| 25:18 | Construir | House |
| 25:19 | Construir | House |
| 25:21 | Construir | House |
| 25:40 | Crear | Villager (Male) |
| 25:40 | Crear | Villager (Male) |
| 26:22 | Crear | Villager (Male) |
| 26:22 | Crear | Villager (Male) |
| 26:23 | Crear | Villager (Male) |
| 26:38 | Construir | Town Center |
| 26:44 | Crear | Villager (Male) |
| 26:44 | Crear | Villager (Male) |
| 26:54 | Investigar | Hand Cart |
Build order — diomidismav
Primeras 150 de 413 acciones detectadas
| 0:02 | Investigar | Loom |
| 0:08 | Construir | House |
| 0:13 | Construir | House |
| 0:14 | Construir | House |
| 0:15 | Construir | House |
| 0:16 | Construir | House |
| 0:20 | Crear | Villager (Male) |
| 0:20 | Crear | Villager (Male) |
| 0:20 | Crear | Villager (Male) |
| 0:20 | Crear | Villager (Male) |
| 0:21 | Crear | Villager (Male) |
| 0:21 | Crear | Villager (Male) |
| 1:57 | Crear | Villager (Male) |
| 1:58 | Crear | Villager (Male) |
| 2:47 | Crear | Villager (Male) |
| 3:06 | Construir | Palisade Wall |
| 3:12 | Construir | Palisade Wall |
| 3:20 | Construir | Palisade Gate |
| 3:23 | Crear | Villager (Male) |
| 3:56 | Crear | Villager (Male) |
| 3:57 | Crear | Villager (Male) |
| 4:34 | Crear | Villager (Male) |
| 4:57 | Crear | Villager (Male) |
| 4:58 | Crear | Villager (Male) |
| 5:04 | Construir | Palisade Wall |
| 5:17 | Crear | Villager (Male) |
| 5:36 | Crear | Villager (Male) |
| 5:37 | Crear | Villager (Male) |
| 5:56 | Crear | Villager (Male) |
| 6:03 | Crear | Villager (Male) |
| 6:03 | Crear | Villager (Male) |
| 6:24 | Construir | Mill |
| 6:24 | Crear | Villager (Male) |
| 6:50 | Crear | Villager (Male) |
| 6:51 | Crear | Villager (Male) |
| 7:24 | Crear | Villager (Male) |
| 7:24 | Crear | Villager (Male) |
| 7:38 | Crear | Villager (Male) |
| 7:48 | Crear | Villager (Male) |
| 7:49 | Crear | Villager (Male) |
| 7:55 | Crear | Villager (Male) |
| 8:05 | Construir | Lumber Camp |
| 8:08 | Crear | Villager (Male) |
| 8:19 | Crear | Villager (Male) |
| 8:19 | Crear | Villager (Male) |
| 8:20 | Crear | Villager (Male) |
| 9:04 | Construir | Farm |
| 9:18 | Crear | Villager (Male) |
| 9:24 | Construir | Farm |
| 9:43 | Crear | Villager (Male) |
| 10:08 | Crear | Villager (Male) |
| 10:24 | Investigar | Feudal Age |
| 10:24 | Investigar | Feudal Age |
| 10:36 | Construir | Mining Camp |
| 10:39 | Crear | Villager (Male) |
| 10:51 | Construir | Farm |
| 11:18 | Construir | Mining Camp |
| 11:45 | Construir | House |
| 11:48 | Construir | House |
| 11:49 | Construir | House |
| 11:51 | Construir | House |
| 11:55 | Crear | Villager (Male) |
| 12:35 | Edad | Edad Feudal |
| 12:39 | Construir | Watch Tower |
| 12:52 | Investigar | Horse Collar |
| 12:53 | Investigar | Double-Bit Axe |
| 13:15 | Construir | Mill |
| 13:22 | Investigar | Wheelbarrow |
| 13:22 | Investigar | Wheelbarrow |
| 13:46 | Crear | Villager (Male) |
| 13:46 | Crear | Villager (Male) |
| 14:10 | Crear | Villager (Male) |
| 14:31 | Construir | Farm |
| 14:39 | Construir | Farm |
| 14:59 | Construir | Farm |
| 15:04 | Crear | Villager (Male) |
| 15:18 | Construir | Farm |
| 15:38 | Crear | Villager (Male) |
| 16:00 | Crear | Villager (Male) |
| 16:15 | Construir | Market |
| 16:20 | Construir | Blacksmith |
| 16:26 | Crear | Villager (Male) |
| 16:26 | Crear | Villager (Male) |
| 16:41 | Construir | Farm |
| 16:44 | Construir | Farm |
| 16:56 | Construir | Farm |
| 17:06 | Crear | Villager (Male) |
| 17:33 | Crear | Villager (Male) |
| 18:00 | Investigar | Castle Age |
| 18:07 | Investigar | Stone Mining |
| 18:07 | Investigar | Stone Mining |
| 18:10 | Crear | Villager (Male) |
| 18:33 | Construir | House |
| 18:35 | Construir | House |
| 18:36 | Construir | House |
| 18:38 | Construir | House |
| 18:39 | Construir | House |
| 18:46 | Crear | Villager (Male) |
| 18:46 | Crear | Villager (Male) |
| 19:25 | Investigar | Gold Mining |
| 20:25 | Edad | Edad de los Castillos |
| 20:29 | Construir | Town Center |
| 20:55 | Construir | Town Center |
| 21:05 | Investigar | Bow Saw |
| 21:09 | Crear | Villager (Male) |
| 21:09 | Crear | Villager (Male) |
| 21:40 | Crear | Villager (Male) |
| 21:40 | Crear | Villager (Male) |
| 21:42 | Crear | Villager (Male) |
| 21:42 | Crear | Villager (Male) |
| 21:43 | Crear | Villager (Male) |
| 22:12 | Crear | Villager (Male) |
| 22:12 | Crear | Villager (Male) |
| 22:12 | Crear | Villager (Male) |
| 22:13 | Crear | Villager (Male) |
| 22:32 | Investigar | Heavy Plow |
| 22:32 | Investigar | Heavy Plow |
| 22:38 | Construir | Farm |
| 22:41 | Construir | Farm |
| 22:48 | Construir | Farm |
| 22:55 | Crear | Villager (Male) |
| 22:59 | Construir | Farm |
| 23:05 | Construir | Farm |
| 23:10 | Construir | Farm |
| 23:14 | Construir | Farm |
| 23:18 | Construir | Farm |
| 23:23 | Crear | Villager (Male) |
| 23:23 | Crear | Villager (Male) |
| 23:44 | Construir | Castle |
| 23:48 | Crear | Villager (Male) |
| 23:49 | Crear | Villager (Male) |
| 23:53 | Crear | Villager (Male) |
| 24:01 | Construir | Farm |
| 24:06 | Construir | Farm |
| 24:10 | Construir | Farm |
| 24:33 | Crear | Villager (Male) |
| 24:33 | Crear | Villager (Male) |
| 24:53 | Investigar | Hand Cart |
| 24:54 | Investigar | Hand Cart |
| 24:55 | Crear | Villager (Male) |
| 24:56 | Crear | Villager (Male) |
| 25:00 | Construir | Farm |
| 25:06 | Construir | Farm |
| 25:27 | Crear | Villager (Male) |
| 25:27 | Crear | Villager (Male) |
| 25:43 | Construir | Castle |
| 25:53 | Construir | Farm |
| 25:57 | Construir | Farm |
| 26:03 | Crear | Villager (Male) |
| 26:04 | Crear | Villager (Male) |
Cronología de la partida
| 0:25 | KingYankee1 · wall_segment Palisade Wall x4 |
| 1:09 | GBDT · wall_segment Palisade Wall x7 |
| 1:14 | GBDT · wall_segment Palisade Wall x12 |
| 2:01 | KingYankee1 · wall_segment Palisade Wall x8 |
| 2:11 | makispapadopoulos7 · wall_segment Palisade Wall x5 |
| 3:06 | diomidismav · wall_segment Palisade Wall x9 |
| 3:12 | diomidismav · wall_segment Palisade Wall x13 |
| 5:04 | diomidismav · wall_segment Palisade Wall x4 |
| 5:23 | makispapadopoulos7 · wall_segment Palisade Wall x9 |
| 6:22 | MikeDe · first_building Dock |
| 6:44 | makispapadopoulos7 · wall_segment Palisade Wall x8 |
| 11:56 | Ana Catalina · first_building Dock |
| 12:35 | diomidismav · age_up feudal |
| 12:37 | MikeDe · age_up feudal |
| 12:39 | Ana Catalina · age_up feudal |
| 12:41 | giannispolukandriotis.4 · age_up feudal |
| 12:44 | Ana Catalina · wall_segment Stone Wall x7 |
| 12:54 | Ana Catalina · wall_segment Stone Wall x4 |
| 12:54 | Ana Catalina · wall_segment Stone Wall x3 |
| 12:55 | makispapadopoulos7 · age_up feudal |
| 12:56 | Ana Catalina · wall_segment Stone Wall x7 |
| 12:58 | Ana Catalina · wall_segment Stone Wall x2 |
| 13:05 | MikeDe · first_building Barracks |
| 13:31 | KingYankee1 · age_up feudal |
| 14:01 | andreas7487 · age_up feudal |
| 14:15 | KingYankee1 · wall_segment Stone Wall x9 |
| 14:30 | KingYankee1 · wall_segment Stone Wall x9 |
| 16:06 | Ana Catalina · first_building Barracks |
| 16:08 | MikeDe · first_building Stable |
| 16:14 | makispapadopoulos7 · first_market_buy 100 food |
| 17:05 | KingYankee1 · first_building Barracks |
| 18:31 | andreas7487 · first_building Stable |
| 18:58 | GBDT · age_up feudal |
| 20:01 | KingYankee1 · age_up castle |
| 20:13 | GBDT · first_market_buy 100 food |
| 20:16 | makispapadopoulos7 · wall_segment Stone Wall x13 |
| 20:18 | GBDT · first_market_sell 500 wood |
| 20:18 | KingYankee1 · first_market_buy 100 food |
| 20:25 | diomidismav · age_up castle |
| 20:31 | Ana Catalina · first_market_buy 100 food |
| 20:38 | MikeDe · age_up castle |
| 20:49 | giannispolukandriotis.4 · first_building Barracks |
| 20:51 | andreas7487 · age_up castle |
| 20:57 | makispapadopoulos7 · wall_segment Stone Wall x12 |
| 21:11 | andreas7487 · first_building Castle |
| 21:37 | makispapadopoulos7 · age_up castle |
| 21:38 | Ana Catalina · wall_segment Stone Wall x5 |
| 22:25 | GBDT · first_building Barracks |
| 22:48 | KingYankee1 · first_building Siege Workshop |
| 23:05 | GBDT · age_up castle |
| 23:23 | GBDT · first_building Castle |
| 23:28 | Ana Catalina · age_up castle |
| 23:44 | diomidismav · first_building Castle |
| 23:55 | Ana Catalina · first_building Castle |
| 23:57 | andreas7487 · first_building Siege Workshop |
| 24:13 | KingYankee1 · first_building Monastery |
| 24:13 | giannispolukandriotis.4 · first_building Archery Range |
| 25:25 | GBDT · first_building Dock |
| 25:27 | Ana Catalina · first_building Monastery |
| 26:06 | giannispolukandriotis.4 · age_up castle |
| 26:59 | GBDT · first_building Siege Workshop |
| 27:06 | diomidismav · first_building Siege Workshop |
| 27:10 | MikeDe · first_building Castle |
| 27:46 | andreas7487 · first_market_buy 100 food |
| 28:07 | KingYankee1 · first_market_sell 100 wood |
| 28:32 | diomidismav · first_building Barracks |
| 28:58 | andreas7487 · first_building Monastery |
| 29:26 | diomidismav · first_building Stable |
| 30:36 | MikeDe · first_building Siege Workshop |
| 30:41 | giannispolukandriotis.4 · first_building Castle |
| 31:01 | KingYankee1 · first_building Castle |
| 31:02 | diomidismav · age_up imperial |
| 31:08 | andreas7487 · age_up imperial |
| 31:10 | GBDT · age_up imperial |
| 31:10 | makispapadopoulos7 · first_building Castle |
| 31:37 | makispapadopoulos7 · first_building Monastery |
| 32:17 | giannispolukandriotis.4 · first_building Monastery |
| 33:18 | MikeDe · age_up imperial |
| 33:22 | makispapadopoulos7 · first_building Barracks |
| 33:41 | makispapadopoulos7 · first_building Siege Workshop |
| 34:15 | Ana Catalina · first_building Siege Workshop |
| 34:51 | KingYankee1 · age_up imperial |
| 34:54 | makispapadopoulos7 · first_building Stable |
| 34:58 | GBDT · wall_segment Stone Wall x15 |
| 34:59 | giannispolukandriotis.4 · first_building Stable |
| 36:24 | makispapadopoulos7 · age_up imperial |
| 38:27 | giannispolukandriotis.4 · age_up imperial |
| 38:56 | makispapadopoulos7 · first_building Archery Range |
| 40:09 | Ana Catalina · age_up imperial |
| 40:47 | giannispolukandriotis.4 · tribute_sent a jugador 1 |
| 40:47 | giannispolukandriotis.4 · tribute_sent a jugador 2 |
| 40:47 | giannispolukandriotis.4 · tribute_sent a jugador 3 |
| 40:47 | giannispolukandriotis.4 · tribute_sent a jugador 5 |
| 40:47 | giannispolukandriotis.4 · tribute_sent a jugador 6 |
| 40:47 | giannispolukandriotis.4 · tribute_sent a jugador 7 |
| 40:47 | giannispolukandriotis.4 · tribute_sent a jugador 8 |
| 41:04 | makispapadopoulos7 · tribute_sent a jugador 1 |
| 41:04 | makispapadopoulos7 · tribute_sent a jugador 2 |
| 41:04 | makispapadopoulos7 · tribute_sent a jugador 3 |
| 41:04 | makispapadopoulos7 · tribute_sent a jugador 4 |
| 41:04 | makispapadopoulos7 · tribute_sent a jugador 5 |
| 41:04 | makispapadopoulos7 · tribute_sent a jugador 7 |
| 41:04 | makispapadopoulos7 · tribute_sent a jugador 8 |
| 43:00 | Ana Catalina · first_building Stable |
| 43:12 | GBDT · first_building Stable |
| 46:04 | giannispolukandriotis.4 · first_building Siege Workshop |
| 52:21 | andreas7487 · first_market_sell 100 food |
| 53:49 | makispapadopoulos7 · tribute_sent a jugador 1 |
| 53:49 | makispapadopoulos7 · tribute_sent a jugador 2 |
| 53:49 | makispapadopoulos7 · tribute_sent a jugador 3 |
| 53:49 | makispapadopoulos7 · tribute_sent a jugador 4 |
| 53:49 | makispapadopoulos7 · tribute_sent a jugador 5 |
| 53:49 | makispapadopoulos7 · tribute_sent a jugador 7 |
| 53:49 | makispapadopoulos7 · tribute_sent a jugador 8 |
| 60:08 | Ana Catalina · first_market_sell 100 food |
| 62:24 | KingYankee1 · first_building Archery Range |
| 63:25 | Ana Catalina · wall_segment Stone Wall x3 |
| 63:26 | Ana Catalina · wall_segment Stone Wall x7 |
| 66:06 | MikeDe · resign |
[ ANÁLISIS IA · 1 CRÉDITO ]
¿Qué pasó realmente en esta partida?
Wolo.gg analiza cada decisión: build order, eco, micro, errores típicos por bracket. Análisis personalizado por WhatsApp o Discord en 30 segundos.
Guía civ
Sarracenos
Perfil
Jugador #2007805